 Dungeon Crawl Stone Soup version 0.24-a0-441-g27f0392 (webtiles) character file.

Game seed: 9977924719486546002

27572 gildedJ the Severer (level 13, -1/118 HPs)
             Began as a Minotaur Fighter on June 20, 2019.
             Was a High Priest of Trog.
             Slain by a salamander (5 damage)
             ... on level 3 of the Snake Pit.
             The game lasted 01:40:13 (14593 turns).

gildedJ the Severer (Minotaur Fighter)             Turns: 14593, Time: 01:40:14

Health: -1/118     AC: 12    Str: 29    XL:     13   Next: 5%
Magic:  12/12      EV: 10    Int:  9    God:    Trog [*****.]
Gold:   146        SH:  0    Dex: 11    Spells: 12/12 levels left

rFire    + . .     SeeInvis .   I - +3 battleaxe of the Tooth {flame, rF+ Str+2 Int+4}
rCold    . . .     Gourm    .   (shield currently unavailable)
rNeg     . . .     Faith    .   (no armour)
rPois    .         Spirit   .   (helmet restricted)
rElec    .         Reflect  .   k - +2 cloak
rCorr    .         Harm     .   g - +2 pair of gloves
MR       .....                  E - +1 pair of boots
Stlth    +.........             (no amulet)
HPRegen  0.29/turn              B - +3 ring of protection
MPRegen  0.13/turn              O - +2 ring of strength

@: lethally poisoned (-1 -> -8), constricted, heavily drained
A: retaliatory headbutt, horns 2
a: Berserk, Trog's Hand, Brothers in Arms, Renounce Religion


You were on level 3 of the Snake Pit.
You worshipped Trog.
Trog was extremely pleased with you.
You were not hungry.

You visited 4 branches of the dungeon, and saw 15 of its levels.
You also visited: Bailey.

You collected 1041 gold pieces.
You spent 895 gold pieces at shops.

Inventory:

Hand Weapons
 a - a +2 hand axe of flaming
 c - a +6 battleaxe of freezing
 I - the +3 battleaxe of the Tooth (weapon) {flame, rF+ Str+2 Int+4}
   (You found it on level 6 of the Dungeon)

   It has been specially enchanted to burn those struck by it, causing extra
   injury to most foes and up to half again as much damage against particularly
   susceptible opponents.
   Big, fiery blades are also staple armaments of hydra-hunters.
   It affects your strength (+2).
   It affects your intelligence (+4).
   It protects you from fire.
 Y - a +4 hand axe of freezing
Armour
 g - a +2 pair of gloves (worn)
 k - a +2 cloak (worn)
 E - a +1 pair of boots (worn)
 K - a +1 robe of positive energy
Jewellery
 s - an uncursed ring of teleportation
 v - an uncursed ring of flight
 B - a +3 ring of protection (left hand)
 D - an uncursed ring of resist corrosion
 O - a +2 ring of strength (right hand)
 S - a +3 ring of evasion
 U - an uncursed ring of protection from cold
Wands
 z - a wand of flame (18)
 N - a wand of acid (5)
Scrolls
 b - a scroll of noise {unknown}
 e - 4 scrolls of amnesia
 i - a scroll of fear {unknown}
 j - 11 scrolls of identify
 m - 5 scrolls of teleportation
 n - a scroll of enchant weapon
 p - 2 scrolls of fog
 t - 8 scrolls of remove curse
 w - a scroll of magic mapping
 y - a scroll of blinking
 C - 2 scrolls of immolation
 G - a scroll of random uselessness
 H - a scroll of torment {unknown}
 J - a scroll of acquirement {unknown}
 M - 2 scrolls of enchant armour
 P - a scroll of summoning {unknown}
Potions
 d - 2 potions of might
 h - a potion of agility
 l - 3 potions of haste
 o - 3 potions of resistance
 q - 5 potions of flight
 r - 8 potions of curing
 x - 4 potions of brilliance
 F - 3 potions of lignification
 L - a potion of degeneration {unknown}
 Q - a potion of magic {unknown}
 V - a potion of experience {unknown}
Comestibles
 f - 18 rations


   Skills:
 + Level 12.1(10.3) Fighting
 + Level 17.6(15.5) Axes
 + Level 12.2(10.4) Armour
 + Level 4.8(3.3) Dodging
 + Level 1.9(0.6) Stealth
   Level 7.5(5.9) Shields


You had 12 spell levels left.
You didn't know any spells.
Your spell library was empty.

Dungeon Overview and Level Annotations

Branches:
Dungeon (9/15)             Temple (1/1) D:4            Lair (2/6) D:9
  Snake (2/4) Lair:2
  Swamp: Lair:2-4    Shoals: Lair:2-4       Orc: D:9-12

Altars:
Ashenzari
Cheibriados
Dithmenos
Elyvilon
Fedhas
Gozag
Hepliaklqana
Kikubaaqudgha
Makhleb
Nemelex Xobeh
Okawaru
Qazlal
Ru
Sif Muna
Trog
Uskayaw
Vehumet
Wu Jian
Xom
Yredelemnul
Zin
The Shining One

Shops:
D:4 *   D:5 }   D:7 [


Innate Abilities, Weirdness & Mutations

You reflexively headbutt those who attack you in melee.
You have a pair of horns on your head.


Message History

It stops flaming.
The salamander hits you!
* * * LOW HITPOINT WARNING * * *
You are engulfed in flames.
You resist.
* * * LOW HITPOINT WARNING * * *
You feel better. The naga mage hits you with a +3 spear!
* * * LOW HITPOINT WARNING * * *
The naga mage grabs you. The naga mage constricts you.
The salamander closely misses you.
Okay, then.
Okay, then.
It was a potion of cancellation.
You feel magically purged. The naga mage casts a spell at you.
The poison arrow hits you!
You are poisoned.
* * * LOW HITPOINT WARNING * * *
The naga mage constricts you. The naga mage casts a spell at you.
You resist with some effort. The naga mage constricts you.
The salamander hits you.
You die...

...........
#..#
#.........
#..# ##...#
##..# #.(.##
#...# ##NN##
#...###..##
#####...##N..#
........##NN##
[......@#..##
#######NN.##
#..#.# #.###.#
#.# #.# ## #.#
##


You could see a salamander and a naga mage.

Vanquished Creatures
  Rupert (Snake:1)
  An orc warlord (Bailey)
  An anaconda (Snake:1)
  Harold (Lair:2)
  2 hydras
  A naga warrior (Snake:1)
  2 two-headed ogres
  A naga ritualist (Snake:2)
  Pikel (D:6)
  An orc knight (Bailey)
  2 mana vipers
  3 oklob plants (Lair:1)
  A salamander (Snake:2)
  Joseph (D:8)
  2 naga magi (Snake:1)
  10 black mambas
  A spiny frog (Lair:2)
  2 komodo dragons
  A troll (D:9)
  Prince Ribbit (D:5)
  2 dream sheep (D:9)
  5 hippogriffs
  8 yaks
  Duvessa (D:4)
  3 nagas (Snake:1)
  10 water moccasins
  5 porcupines
  10 ice beasts
  11 orc warriors (Bailey)
  4 slaves (D:6)
  A black bear (D:6)
  6 sky beasts
  A necrophage (D:9)
  A phantom (D:6)
  An ogre (D:4)
  3 centaurs
  4 wolves (D:9)
  5 crocodiles
  4 big kobolds
  2 bullfrogs
  2 water moccasin zombies
  2 scorpions
  Dowan (D:4)
  3 wights (D:9)
  2 electric eels (D:9)
  7 howler monkeys
  2 centaur zombies
  4 crimson imps
  A quasit (D:5)
  7 orc priests
  6 hounds
  8 orc wizards
  A bullfrog skeleton (D:7)
  An iguana (D:6)
  6 worker ants
  A hound skeleton (D:4)
  11 gnolls
  12 adders
  2 adder zombies
  4 worms
  A dart slug (D:3)
  4 leopard geckos
  59 orcs
  6 giant cockroaches
  28 goblins
  20 hobgoblins
  10 jackals
  2 quokkas
  4 ball pythons
  8 bats
  7 frilled lizards
  8 kobolds
  2 quokka skeletons (D:4)
  4 rats
  A fungus (Lair:1)
  10 plants
380 creatures vanquished.

Vanquished Creatures (others)
  4 jackals (D:2)
  A kobold (D:2)
  4 plants
9 creatures vanquished.

Grand Total: 389 creatures vanquished

Notes
Turn   | Place    | Note
-------+----------+-------------------------------------------
     0 | D:1      | gildedJ the Minotaur Fighter began the quest for the Orb.
     0 | D:1      | Reached XP level 1. HP: 19/19 MP: 0/0
   245 | D:1      | Reached XP level 2. HP: 23/27 MP: 1/1
   823 | D:2      | Reached skill level 3 in Axes
   862 | D:2      | Reached XP level 3. HP: 30/33 MP: 2/2
  1508 | D:2      | Reached XP level 4. HP: 40/40 MP: 3/3
  1894 | D:3      | Reached skill level 4 in Axes
  2061 | D:3      | Found a bloodstained altar of Trog.
  2066 | D:3      | Became a worshipper of Trog the Wrathful
  2448 | D:4      | Reached XP level 5. HP: 47/47 MP: 4/4
  2540 | D:4      | Noticed an ogre
  2542 | D:4      | Reached skill level 5 in Axes
  2550 | D:4      | Killed an ogre
  2550 | D:4      | Reached skill level 1 in Dodging
  2550 | D:4      | Reached XP level 6. HP: 24/53 MP: 5/5
  2687 | D:4      | Found Apluekisch's Alliterative Accessories.
  2745 | D:4      | Found a staircase to the Ecumenical Temple.
  2754 | D:4      | Noticed Dowan
  2768 | D:4      | Killed Dowan
  2768 | D:4      | Reached skill level 6 in Axes
  2798 | D:4      | Noticed Duvessa
  2808 | D:4      | Killed Duvessa
  2808 | D:4      | Reached skill level 5 in Armour
  2808 | D:4      | Reached skill level 5 in Shields
  2808 | D:4      | Reached XP level 7. HP: 41/60 MP: 6/6
  3181 | Temple   | Entered the Ecumenical Temple
  3348 | D:5      | Entered Level 5 of the Dungeon
  3356 | D:5      | Found a white marble altar of Elyvilon.
  3390 | D:5      | Reached skill level 5 in Fighting
  3390 | D:5      | Reached skill level 7 in Axes
  3542 | D:5      | Found Wuosiagh's Gadget Shop.
  3657 | D:5      | Reached * piety under Trog
  3712 | D:5      | Reached skill level 8 in Axes
  3736 | D:5      | Found a shadowy altar of Dithmenos.
  3743 | D:5      | Noticed Prince Ribbit
  3748 | D:5      | Reached XP level 8. HP: 66/68 MP: 7/7
  4221 | D:5      | Killed Prince Ribbit
  4285 | D:6      | Reached skill level 9 in Axes
  4636 | D:6      | Got an ichor-stained battleaxe
  4642 | D:6      | Identified the +3 battleaxe of the Tooth {flame, rF+ Str+2
                  | Int+4} (You found it on level 6 of the Dungeon)
  4755 | D:6      | Reached XP level 9. HP: 60/75 MP: 8/8
  4828 | D:6      | Noticed Pikel
  4842 | D:6      | Killed Pikel
  4842 | D:6      | Reached skill level 10 in Axes
  5006 | D:7      | Found Oposie's Armour Shoppe.
  5098 | D:7      | Reached ** piety under Trog
  5743 | D:8      | Noticed Joseph
  5754 | D:8      | Reached skill level 11 in Axes
  5759 | D:8      | Killed Joseph
  5784 | D:8      | Found a glowing silver altar of Zin.
  5870 | D:8      | Noticed a two-headed ogre
  5873 | D:8      | Killed a two-headed ogre
  5873 | D:8      | Reached skill level 12 in Axes
  5873 | D:8      | Reached XP level 10. HP: 61/86 MP: 9/9
  6138 | D:8      | Reached skill level 1 in Stealth
  6292 | D:8      | Found a burning altar of Makhleb.
  6482 | D:8      | Found a hide-covered altar of Uskayaw.
  6726 | D:9      | Found a flagged portal.
  6762 | Bailey   | Entered a bailey
  6821 | Bailey   | Reached *** piety under Trog
  6954 | Bailey   | Noticed an orc knight
  6980 | Bailey   | Killed an orc knight
  7416 | Bailey   | Noticed an orc warlord
  7426 | Bailey   | Reached skill level 13 in Axes
  7434 | Bailey   | Reached **** piety under Trog
  7450 | Bailey   | Killed an orc warlord
  7733 | D:9      | Reached skill level 14 in Axes
  7743 | D:9      | Found a staircase to the Lair.
  7756 | D:9      | Reached XP level 11. HP: 57/97 MP: 10/10
  8010 | D:9      | Noticed a two-headed ogre
  8023 | D:9      | Killed a two-headed ogre
  8230 | D:9      | Noticed a three-headed hydra
  8237 | D:9      | Killed a one-headed hydra
  8428 | D:9      | Reached skill level 15 in Axes
  8789 | Lair:1   | Entered Level 1 of the Lair of Beasts
  8807 | Lair:1   | Reached ***** piety under Trog
  8832 | Lair:1   | Reached skill level 10 in Fighting
  9265 | Lair:1   | Noticed an oklob plant
  9266 | Lair:1   | Noticed an oklob plant
  9286 | Lair:1   | Noticed an oklob plant
  9472 | Lair:1   | Killed an oklob plant
  9479 | Lair:1   | Killed an oklob plant
  9486 | Lair:1   | Killed an oklob plant
  9947 | Lair:1   | Noticed a four-headed hydra
  9955 | Lair:1   | Killed a one-headed hydra
  9965 | Lair:1   | Reached skill level 16 in Axes
 10003 | Lair:1   | Reached XP level 12. HP: 108/108 MP: 11/11
 10455 | Lair:2   | Reached skill level 10 in Armour
 10461 | Lair:2   | Noticed Harold
 10475 | Lair:2   | Killed Harold
 10548 | Lair:2   | Found a staircase to the Snake Pit.
 11483 | Snake:1  | Entered Level 1 of the Snake Pit
 11483 | Snake:1  | Noticed a naga warrior
 11493 | Snake:1  | Killed a naga warrior
 11619 | Snake:1  | Noticed an anaconda
 11641 | Snake:1  | Killed an anaconda
 11641 | Snake:1  | Reached skill level 17 in Axes
 11903 | Snake:1  | Noticed Rupert
 11932 | Snake:1  | Killed Rupert
 12281 | Snake:1  | Received a gift from Trog
 13844 | D:7      | Bought the +5 plate armour of Gaih {rElec rN+ Str+4} for
                  | 895 gold pieces
 14088 | Snake:2  | Reached XP level 13. HP: 97/118 MP: 12/12
 14574 | Snake:2  | You fall into a shaft and drop 1 floor!
 14593 | Snake:3  | HP: 4/118 [naga mage/poison arrow (17)]
 14593 | Snake:3  | Slain by a salamander

Levels and vault maps discovered:
D:1:      dpeg_arrival_rooms_b, layout_basic, minmay_misc_feat_five,
          minivault_4, minmay_misc_feat_plants
D:2:      layout_loops_ring, serial_bayou_pond_d, lemuel_flame_loot_1
D:3:      layout_basic, lightli_temple_of_fire, minivault_11,
          minmay_goblin_outpost
D:4:      layout_basic, minmay_temple_entry_hall, nicolae_alphabet_shops,
          uniq_duvessa
D:5:      layout_rooms, old_standard_altar, nicolae_dithmenos_the_darkroom,
          serial_shops, shop_statue, first_ration, uniq_prince_ribbit1
D:6:      layout_gridville, uniq_pikel
D:7:      layout_layer_cave, serial_shops, shop
D:8:      layout_basic, eat_drink_and_be_merry_uskayaw, lemuel_doored_altar,
          zin_scriptorium, uniq_joseph
D:9:      layout_basic, erik_lair_island, enter_bailey_3, hangedman_ranch
          [blue_anna_fruit_fields]
Temple:   eino_temple_scatter_basement
Lair:1:   layout_cave_pods, portal_ice_cave_entry_ice_beasts,
          minmay_lair_oklob_chamber
Lair:2:   layout_misc_corridors, minmay_snake_entry_six_corridors,
          grunt_megastairs_2, uniq_harold
Snake:1:  layout_grid_shapes, uniq_rupert
Snake:2:  layout_layer_cave
Snake:3:  skrybe_snakes_to_sticks, layout_layer_cave,
          nicolae_snake_linked_coils, evilmike_ambush
          [evilmike_ambush_outer_basic, evilmike_ambush_inner_basic]

Skill      XL: |  1  2  3  4  5  6  7  8  9 10 11 12 |
---------------+-------------------------------------+-----
Fighting       | 4 5 6 7 9 10 12 | 12.1
Shields        | 4 5 7 |  7.5
Axes           | 3 4 5 6 8 9 12 14 16 17 | 17.6
Armour         | 4 5 6 8 9 12 | 12.2
Dodging        | 1 2 3 4 |  4.8
Stealth        | 1 |  1.9

Action                   |  1- 3 |  4- 6 |  7- 9 | 10-12 | 13-15 || total
-------------------------+-------+-------+-------+-------+-------++-------
Melee: War axe           |    94 |   133 |   193 |       |       ||   420
       Headbutt          |    11 |    21 |    36 |   121 |     2 ||   191
       Battleaxe         |       |       |    71 |   594 |    14 ||   679
  Use: Scroll            |     1 |     3 |     3 |       |     7 ||    14
       Potion            |       |       |       |    13 |     7 ||    20
  Eat: Ration            |     1 |     1 |     2 |     5 |     1 ||    10
       Chunk             |       |       |     3 |    10 |       ||    13
Armor: Scale mail        |    63 |    53 |   113 |       |       ||   229
       Ring mail         |       |       |    14 |    34 |       ||    48
       Plate armour      |       |       |       |   206 |       ||   206
       Skin              |       |       |       |     1 |     4 ||     5
Dodge: Dodged            |    32 |    46 |   109 |   261 |    10 ||   458
Block: Shield            |    49 |    47 |    87 |       |       ||   183
       Buckler           |       |     4 |       |       |       ||     4

Table legend:
 A = Non-vault XP
 B = Vault XP
 C = Vault XP percentage of total XP
 D = Non-vault monster count
 E = Vault monster count
 F = Vault count percentage of total count
                 A         B        C        D         E       F
            +---------+---------+-------+---------+---------+-------
      Total |   21487 |   17902 |  45.4 |     237 |     128 |  35.1
            +---------+---------+-------+---------+---------+-------
        D:1 |      30 |       0 |   0.0 |      19 |       0 |   0.0
        D:2 |      70 |       0 |   0.0 |      20 |       0 |   0.0
        D:3 |      66 |      10 |  13.2 |      29 |       5 |  14.7
        D:4 |     408 |     216 |  34.6 |      17 |       2 |  10.5
        D:5 |     883 |     274 |  23.7 |      16 |       1 |   5.9
        D:6 |     972 |     641 |  39.7 |      22 |       1 |   4.3
        D:7 |     706 |       0 |   0.0 |      22 |       0 |   0.0
        D:8 |    1677 |     450 |  21.2 |      21 |       1 |   4.5
        D:9 |    1981 |    3037 |  60.5 |      28 |      19 |  40.4
     Lair:1 |    3284 |    3269 |  49.9 |      15 |      13 |  46.4
     Lair:2 |    2583 |    3104 |  54.6 |      10 |      16 |  61.5
    Snake:1 |    5273 |    2989 |  36.2 |      11 |       1 |   8.3
    Snake:2 |    3110 |       0 |   0.0 |       6 |       0 |   0.0
    Snake:3 |     444 |       0 |   0.0 |       1 |       0 |   0.0
     Bailey |       0 |    3912 | 100.0 |       0 |      69 | 100.0
            +---------+---------+-------+---------+---------+-------
